[Event "13 Open de Quenza"]
[Site "Quenza, France"]
[Date "2024.07.07"]
[Round "1.1"]
[White "Anand, Viswanathan"]
[Black "Rauscher, Philemon"]
[Result "1-0"]
[TimeControl "5min+3s/move"]
[WhiteElo "2751"]
[BlackElo "1099"]

1. e4 e5 2. Nf3 Nc6 3. Bb5 a6 4. Ba4 Nf6 5. O-O Bc5 6.
c3 O-O 7. d4 exd4 8. cxd4 Bb4 9. a3 Ba5 10. e5 Ne4 11. d5 Nxe5 12. Nxe5 Qe8 13. Nc4 b5 14. Nxa5 bxa4 15. Re1 h6 16.
Qd4 f5 17. f3 c5 18. dxc6 dxc6 19. fxe4 fxe4 20. Nc3 Qf7 21. Be3 Rb8 22. Rf1 Qe7 23. Nxc6 Rxf1+ 24. Rxf1 Qe8 25. Nxb8 Qg6 26. Nd5 Kh7 27. Ne7 Qe8 28.
Nxc8 Qxc8 29. Nd7 Qh8 30. Qxe4+ g6 31. Rf7+ Kg8 32. Qe8# 1-0

[Event "13 Open de Quenza"]
[Site "Quenza, France"]
[Date "2024.07.07"]
[Round "1.2"]
[White "Geronimi, Didier"]
[Black "Fressinet, Laurent"]
[Result "0-1"]
[TimeControl "5min+3s/move"]
[WhiteElo "1683"]
[BlackElo "2625"]

1. e4 e5 2. Bc4 Nf6 3. d4 exd4 4. Nf3 Nc6 5. O-O Nxe4 6. Re1 d5 7. Bb5 Be7 8. Nxd4 Bd7 9. Bxc6 bxc6 10.
Qf3 O-O 11. Nc3 f5 12. Qd3 Bd6 13. g3 Qf6 14. Be3 Rae8 15. Nf3 f4 16. Bd4 Qf7 17. Nxe4 dxe4 18. Rxe4 Bf5 19. Rae1 Rxe4 20.
Rxe4 fxg3 21. fxg3 Bxe4 0-1

[Event "13 Open de Quenza"]
[Site "Quenza, France"]
[Date "2024.07.07"]
[Round "1.3"]
[White "Bellahcene, Bilel"]
[Black "Di Pinto, Vincenzo"]
[Result "1-0"]
[TimeControl "5min+3s/move"]
[WhiteElo "2535"]
[BlackElo "1661"]

1. e4 c5 2. Nf3 d6 3. d4 cxd4 4. Nxd4 Nf6 5. Nc3 a6 6. h4 Nc6 7. h5 Qb6 8. Nb3 Bd7 9. Be2 e6 10. h6 g6 11. g4 O-O-O 12. g5 Ng8 13. Be3 Qc7 14. Na4 Qb8 15.
Nb6+ Kc7 16. Qd2 Nge7 17. O-O-O Nc8 18. Qc3 e5 19. Nd5# 1-0

[Event "13 Open de Quenza"]
[Site "Quenza, France"]
[Date "2024.07.07"]
[Round "1.4"]
[White "Bauzon, Romain"]
[Black "Lagarde, Maxime"]
[Result "0-1"]
[TimeControl "5min+3s/move"]
[WhiteElo "1643"]
[BlackElo "2608"]

1. e4 c5 2. Nf3 e6 3. d4 cxd4 4. Nxd4 Nc6 5. Nc3 a6 6.
Be3 Nge7 7. Be2 Nxd4 8. Bxd4 Nc6 9. Be3 b5 10. a3 Bb7 11. O-O Be7 12. f4 O-O 13. f5 Bf6 14. Qd2 Rc8 15. Rad1 Ne5 16. Bd4 Qc7 17. Qe3 d6 0-1

[Event "13 Open de Quenza"]
[Site "Quenza, France"]
[Date "2024.07.07"]
[Round "1.5"]
[White "Fedorchuk, Sergey A."]
[Black "Frisoni, Robin"]
[Result "1-0"]
[TimeControl "5min+3s/move"]
[WhiteElo "2554"]
[BlackElo "1878"]

1. e4 c6 2. d4 d5 3. Nd2 dxe4 4. Nxe4 Nf6 5. Qd3 Nxe4 6. Qxe4 Qd5 7. Bd3 g6 8. Nf3 Qxe4+ 9. Bxe4 Bg7 10.
Bf4 O-O 11. O-O-O Bg4 12. h3 Bxf3 13. Bxf3 e6 14. Rd3 Nd7 15. Re1 Nb6 16. b3 Nd5 17. Bd2 a5 18. a3 a4 19. c4 Nb6 20.
Kc2 axb3+ 21. Kxb3 Ra7 22. Bb4 Rfa8 23. d5 Bf8 24. d6 Nd7 25. c5 Bg7 26. Rdd1 Re8 27. g4 Raa8 28. Bg2 Rab8 29. f4 Rec8 30.
f5 e5 31. Rc1 Ra8 32. Rc2 Rab8 33. Ka2 Ra8 34. Rf1 Rab8 35. Be4 Re8 36. Rcf2 Kh8 37. fxg6 fxg6 38. Rf7 Nf8 39. h4 Ne6 40. h5 Nd4 41. hxg6 h6 42. Rh1 Nc2 1-0

[Event "13 Open de Quenza"]
[Site "Quenza, France"]
[Date "2024.07.07"]
[Round "1.6"]
[White "Steil, Raymond"]
[Black "Dourerassou, Jonathan"]
[Result "0-1"]
[TimeControl "5min+3s/move"]
[WhiteElo "1690"]
[BlackElo "2422"]

1. d4 d5 2. Bf4 Nf6 3. e3 g6 4. Nf3 Bg7 5. Be2 Nh5 6. Bg3 Nxg3 7. hxg3 c5 8. c3 cxd4 9. cxd4 Nc6 10. Nbd2 Bf5 11. a3 O-O 12.
O-O Rc8 13. Rc1 e5 14. Nb3 Qb6 15. Nc5 exd4 16. Nxd4 Nxd4 17. exd4 Qxb2 0-1

[Event "13 Open de Quenza"]
[Site "Quenza, France"]
[Date "2024.07.07"]
[Round "1.8"]
[White "Grimaldi Peetz, Anton"]
[Black "Maurizzi, Marc Andria"]
[Result "0-1"]
[TimeControl "5min+3s/move"]
[WhiteElo "1613"]
[BlackElo "2620"]

1. e4 c5 2. Nf3 Nc6 3. d4 cxd4 4. Nxd4 Nf6 5.
Nc3 e6 6. Be2 d6 7. Be3 Be7 8.
O-O O-O 9. Kh1 Bd7 10. f3 a6 11. a3 Qc7 12. Qc1 Rfd8 13. Nb3 Rac8 14. Qd2 b5 15. Rad1 Ne5 16. Bd4 Bc6 17. Qe3 Nfd7 18.
h3 Nc4 19. Bxc4 bxc4 20. Nc1 e5 21. Ba7 Ra8 22. Nd5 Bxd5 23. exd5 Qxa7 24. Qe1 Rab8 25. Qc3 Qc5 26. Rfe1 Nb6 27. Re4 Nxd5 28. Qxc4 Qxc4 29. Rxc4 Ne3 30.
Rc7 Nxd1 31. Rxe7 h5 32. b3 Rbc8 33. c4 d5 34.
Rxe5 dxc4 35. Re1 c3 36. Na2 c2 37.
b4 Nc3 0-1

[Event "13 Open de Quenza"]
[Site "Quenza, France"]
[Date "2024.07.07"]
[Round "1.9"]
[White "Travadon, Loic"]
[Black "Gerandi, Pierre-Marie"]
[Result "1-0"]
[TimeControl "5min+3s/move"]
[WhiteElo "2458"]
[BlackElo "1670"]

1. Nf3 Nf6 2. c4 g6 3.
Nc3 Bg7 4. e4 d6 5. d4 Nc6 6. d5 Nb8 7. h3 O-O 8. Bd3 e5 9. g4 Ne8 10. Bg5 f6 11. Be3 f5 12. gxf5 gxf5 13.
exf5 Bxf5 14. Bxf5 Rxf5 15. Rg1 Kh8 16. Ne4 Nd7 17. Nfg5 Qe7 18. Qg4 Rf8 19. Ne6 Rg8 20. Bg5 Qf7 21.
Ke2 Ndf6 22. Bxf6 Nxf6 23. N4g5 Qd7 24. Qh4 Bf8 25. Rg3 c6 26. Rf3 Nxd5 27. Rf7 1-0

[Event "13 Open de Quenza"]
[Site "Quenza, France"]
[Date "2024.07.07"]
[Round "1.10"]
[White "Pierrat, John"]
[Black "Relange, Eloi"]
[Result "0-1"]
[TimeControl "5min+3s/move"]
[WhiteElo "1607"]
[BlackElo "2440"]

1. d4 d6 2. Nf3 Nf6 3. e3 g6 4. c4 Bg7 5. Nc3 O-O 6. b4 c5 7. a3 cxd4 8. Nxd4 d5 9. Be2 dxc4 10.
Bxc4 Qc7 11. Qd3 Nbd7 12. Bb3 a6 13. O-O e5 14. Nde2 e4 15. Qd2 Ng4 16. f3 Qxh2# 0-1

[Event "13 Open de Quenza"]
[Site "Quenza, France"]
[Date "2024.07.07"]
[Round "1.12"]
[White "Gil, Jean-Jacques"]
[Black "Yankelevich, Lev"]
[Result "0-1"]
[TimeControl "5min+3s/move"]
[WhiteElo "1624"]
[BlackElo "2416"]

1. d4 Nf6 2. e3 g6 3. f4 Bg7 4. Nf3 O-O 5. Bd3 c5 6.
c3 d6 7. O-O Nc6 8. Nbd2 cxd4 9.
exd4 e5 10. d5 Nxd5 11. fxe5 Ne3 0-1

[Event "13 Open de Quenza"]
[Site "Quenza, France"]
[Date "2024.07.07"]
[Round "2.1"]
[White "Sibille, Ettore"]
[Black "Anand, Viswanathan"]
[Result "0-1"]
[TimeControl "5min+3s/move"]
[WhiteElo "1904"]
[BlackElo "2751"]

1. e4 c5 2. Nc3 Nc6 3. f4 g6 4. Nf3 Bg7 5. Bb5 Nd4 6. O-O Nxb5 7. Nxb5 a6 8. Nc3 d6 9. d3 b5 10. Kh1 Nf6 11. Qe1 Bb7 12. Ne2 O-O 13.
Qh4 c4 14. f5 cxd3 15. cxd3 Rc8 16. Bh6 e5 17. Ng5 Nh5 18.
Bxg7 Kxg7 19. g4 h6 20. gxh5 Qxg5 21. Qxg5 hxg5 22. f6+ Kh6 23. Ng3 Rc5 24. Rac1 Bc8 25. b4 Rxc1 26. Rxc1 gxh5 27. Rc6 h4 28. Ne2 Bg4 29.
Nc3 Rc8 30. Rxc8 Bxc8 31. Nd5 Be6 32.
Nc7 Bxa2 33. Nxa6 Bb1 34. Nc7 Bxd3 35. Ne8 Bxe4+ 0-1

[Event "13 Open de Quenza"]
[Site "Quenza, France"]
[Date "2024.07.07"]
[Round "2.2"]
[White "Fressinet, Laurent"]
[Black "Cardi, Jean"]
[Result "1-0"]
[TimeControl "5min+3s/move"]
[WhiteElo "2625"]
[BlackElo "1922"]

1. d4 Nf6 2. Nf3 c5 3. d5 e6 4. Nc3 b5 5. Bg5 b4 6. Ne4 h6 7. Nxf6+ gxf6 8. Bh4 a5 9. e4 Ba6 10. Bxa6 Rxa6 11. O-O e5 12.
Nxe5 Rg8 13. Nc4 d6 14. Re1 Nd7 15. f4 Be7 16. Ne3 Nf8 17. Nf5 Ng6 18. Bg3 Ra7 19. Nxh6 Rh8 20. Nf5 Qd7 21.
Qe2 Kd8 22. a3 Kc8 23. axb4 axb4 24. Ra6 Rd8 25. Rea1 Rxa6 26. Qxa6+ Qb7 27. Qc6+ Qxc6 28. dxc6 Bf8 29. Ra7 Re8 1-0

[Event "13 Open de Quenza"]
[Site "Quenza, France"]
[Date "2024.07.07"]
[Round "2.3"]
[White "Lalande, Jean-Louis"]
[Black "Bellahcene, Bilel"]
[Result "0-1"]
[TimeControl "5min+3s/move"]
[WhiteElo "1920"]
[BlackElo "2535"]

1. d4 Nf6 2. Nf3 e6 3.
g3 d5 4. Bg2 b5 5. Qd3 a6 6. a4 b4 7. Nbd2 a5 8. Nb3 Nbd7 9. Bf4 Ba6 10. Qd2 c5 11. dxc5 Nxc5 12. Nbd4 Nce4 13. Qd1 Bc5 14. O-O O-O 15. h3 Qb6 16. e3 Bxf1 17. Bxf1 Bd6 18. Be5 Rac8 19. Bb5 Qc7 20. Bxd6 Nxd6 21. Nc6 Kh8 22.
Rc1 Nfe4 23. Qd3 Qb6 24. Nfd4 Nc5 25. Qe2 Rc7 26. c3 bxc3 27. Rxc3 Rfc8 28. Ne5 Nce4 29. Rb3 Rc1+ 30. Kg2 Nc5 31. Rc3 Rxc3 32. bxc3 Nce4 33. Bd7 Rf8 34. f3 Nxc3 35. Qc2 Qb4 36. Ndc6 Qc5 37. Ne7 Qxe3 0-1

[Event "13 Open de Quenza"]
[Site "Quenza, France"]
[Date "2024.07.07"]
[Round "2.4"]
[White "Lagarde, Maxime"]
[Black "Lagun, Matthieu"]
[Result "1-0"]
[TimeControl "5min+3s/move"]
[WhiteElo "2608"]
[BlackElo "1917"]

1. e4 a6 2. d4 b5 3. Bd3 Bb7 4. Ne2 e6 5. O-O Ne7 6. a4 bxa4 7. c4 Ng6 8. Nbc3 Be7 9. f4 d6 10. f5 Nf8 11. fxe6 Nxe6 12.
Be3 Nd7 13. Ng3 Bg5 14. Bf2 Nf4 15. Nd5 Nxd3 16. Qxd3 O-O 17. Rxa4 c6 18. Ne3 g6 19. h3 Qe7 20. Ng4 Rae8 21.
Nh2 Nf6 22. Nf3 Bh6 23. e5 dxe5 24. dxe5 Nd7 25. Ne4 Nxe5 26. Nxe5 Qxe5 27. Nd6 Rd8 28. c5 Bc8 29. Re4 Qxb2 30.
Bd4 Qb8 31. Ba1 Be6 32. Qc3 1-0

[Event "13 Open de Quenza"]
[Site "Quenza, France"]
[Date "2024.07.07"]
[Round "2.5"]
[White "Ratier-Fontana, Loic"]
[Black "Fedorchuk, Sergey A."]
[Result "0-1"]
[TimeControl "5min+3s/move"]
[WhiteElo "1863"]
[BlackElo "2554"]

1. Nf3 Nf6 2. d4 e6 3. Bf4 c5 4. e3 Nd5 5. Bg3 Qb6 6. b3 Nc6 7. c4 Nf6 8. Be2 cxd4 9. exd4 Bb4+ 10.
Kf1 O-O 11. a3 Be7 12. Nc3 d5 13. c5 Qd8 14. b4 Ne4 15. Qc2 f5 16. Be5 Bf6 17. Rd1 Bd7 18. b5 Ne7 19. Bxf6 gxf6 20.
a4 Qa5 21. Rd3 a6 22. b6 Nxc3 23. Rxc3 Qxa4 24. Qc1 Bb5 25. Rg1 Kh8 26. g4 fxg4 27. Rxg4 Nf5 28. Nh4 Rg8 29. Nxf5 exf5 30. Rh4 Rg7 31. Rch3 Rag8 32. Rg3 Rg6 33.
Bxb5 Qxb5+ 34. Kg1 Qe2 35. Qf4 Qe4 36. Qxe4 fxe4 37. Kf1 Kg7 38. Rgh3 h6 39. Rf4 Kf7 40. Rc3 Rc8 41. Ke2 Ke6 42. Rh4 f5 43.
Rhh3 f4 44. Rh5 f3+ 45. Kd2 Rd8 46. Re5+ Kf7 47. Rh5 Kg7 48. Re5 Kf7 49. Rh5 Rg2 50. Ke3 Rg1 51. Kf4 Kg7 52. c6 bxc6 53. Rxc6 Rf8+ 54. Ke5 e3 55. fxe3 f2 56. Rc7+ Kg6 57. Rxh6+ Kxh6 58. b7 f1=Q 59. Rc8 Rg5+ 60. Kd6 Qf6+ 61. Kc5 Qe7+ 62. Kb6 Rg6+ 63. Ka7 Rxc8 64. h4 Qc7 65. h5 Qb8# 0-1

[Event "13 Open de Quenza"]
[Site "Quenza, France"]
[Date "2024.07.07"]
[Round "2.6"]
[White "Dourerassou, Jonathan"]
[Black "Geronimi, Jean-Thomas"]
[Result "1-0"]
[TimeControl "5min+3s/move"]
[WhiteElo "2422"]
[BlackElo "2065"]

1. e4 c5 2. Nf3 d6 3.
Bb5+ Nd7 4. O-O Ngf6 5. Re1 a6 6. Bf1 e6 7. a4 Be7 8. Nc3 O-O 9. d4 cxd4 10. Qxd4 Qc7 11. a5 b5 12.
axb6 Qxb6 13. Be3 Qxd4 14. Nxd4 Bb7 15. f3 Rfc8 16. Nb3 d5 17. Na5 Bc6 18. Nxc6 Rxc6 19. exd5 Nxd5 20. Nxd5 exd5 21.
Bb5 Rc7 22. Bf4 Bc5+ 23. Kh1 Rca7 24.
Bc6 Rc8 25. Bxd5 Nf6 26. Bc4 Bf2 27. Red1 h6 28. Bb3 Nh5 29. Be5 Re7 30. Bd6 Re2 31. Rxa6 Rd8 32. Raa1 Rde8 33. Ba4 R8e6 34. Bd7 Rf6 35.
Bg4 Nf4 36. g3 Ng6 37. f4 Rxc2 38. f5 1-0

[Event "13 Open de Quenza"]
[Site "Quenza, France"]
[Date "2024.07.07"]
[Round "2.7"]
[White "Cirina, Gian Luca"]
[Black "Maze, Sebastien"]
[Result "0-1"]
[TimeControl "5min+3s/move"]
[WhiteElo "1199"]
[BlackElo "2553"]

1. c4 Nf6 2. Nc3 g6 3. d4 Bg7 4. g3 d6 5. Bg2 O-O 6.
h3 c6 7.
e4 e5 8.
dxe5 dxe5 9. Qxd8 Rxd8 10. Nf3 Na6 11. Be3 Nb4 12. Ke2 Nc2 13. Rad1 Re8 14. Rd3 Nxe3 15. Kxe3 Nd7 16. Rhd1 Nc5 17.
Rd8 Be6 18. Rxa8 Rxa8 19. b3 f6 20. Bf1 Bh6+ 21. Ke2 a5 22.
Rd6 Kf7 23. Ke1 Ke7 24. Rd1 Na6 25. g4 Nb4 26. g5 Bxg5 27. Nxg5 fxg5 28. Ke2 Nc2 29. Na4 Nd4+ 30. Ke3 Rf8 31.
Bg2 Bxh3 32. Kxd4 0-1

[Event "13 Open de Quenza"]
[Site "Quenza, France"]
[Date "2024.07.07"]
[Round "2.8"]
[White "Maurizzi, Marc Andria"]
[Black "Chokbengboun, Thomas"]
[Result "1-0"]
[TimeControl "5min+3s/move"]
[WhiteElo "2620"]
[BlackElo "1856"]

1. d4 d6 2. e4 f5 3.
Nc3 fxe4 4. Nxe4 Nf6 5. Nxf6+ exf6 6. Bd3 Nc6 7. Nf3 g6 8. O-O Bg7 9. Re1+ Kf7 10. c3 Re8 11. Qb3+ d5 12. Rxe8 Kxe8 13. Bf4 Ne7 14. Re1 Kf8 15. h4 c6 16.
Qa3 Kf7 17. Bd6 Bf8 18. c4 Nf5 19. Bxf8 Qxf8 20. Qb3 Qd6 21. cxd5 cxd5 22. Bxf5 gxf5 23. Qe3 Bd7 24. Qh6 Kg8 25. Ng5 1-0

[Event "13 Open de Quenza"]
[Site "Quenza, France"]
[Date "2024.07.07"]
[Round "2.9"]
[White "Sabiani, Chjara"]
[Black "Travadon, Loic"]
[Result "0-1"]
[TimeControl "5min+3s/move"]
[WhiteElo "1841"]
[BlackElo "2458"]

1. d4 Nf6 2. c4 e6 3. Nf3 Bb4+ 4. Bd2 Qe7 5. g3 Nc6 6. Bg2 Bxd2+ 7. Nbxd2 O-O 8. O-O d6 9. e4 e5 10.
d5 Nb8 11. b4 c6 12. Qb3 Bg4 13. Rac1 Nbd7 14. h3 Bxf3 15. Qxf3 a5 16. a3 axb4 17. axb4 c5 18. b5 Ra2 19. Qc3 Rfa8 20. Ra1 Qd8 21.
Rxa2 Rxa2 22. Ra1 Qa8 23. Rxa2 Qxa2 24. f4 h5 25. f5 Nb6 26. Kh2 h4 27. g4 Nh7 28. Nb3 Ng5 29. Qd3 Nxe4 30.
Qxe4 Qxb3 31. Bf1 Nd7 32. g5 Qg3+ 33. Kh1 Qxg5 34. Qg4 Qc1 35. Kg2 Qd2+ 36. Kh1 Qd4 37. Qg5 Nf6 38. Bg2 b6 39.
Kh2 Qxc4 40. Kh1 Qd4 41. Kh2 c4 42. Qc1 Qf4+ 43. Qxf4 exf4 44. Bf3 c3 45. Bd1 Nxd5 0-1

[Event "13 Open de Quenza"]
[Site "Quenza, France"]
[Date "2024.07.07"]
[Round "2.10"]
[White "Relange, Eloi"]
[Black "Charni, Ilyes"]
[Result "1-0"]
[TimeControl "5min+3s/move"]
[WhiteElo "2440"]
[BlackElo "1858"]

1. d4 Nf6 2. c4 e6 3. Nc3 Bb4 4. e3 b6 5. Nge2 Bb7 6. a3 Bxc3+ 7. Nxc3 O-O 8.
f3 d6 9.
Bd3 Nbd7 10. O-O e5 11. d5 Qe7 12. b4 a5 13. Bb2 Rfe8 14. Qc2 h6 15. Qf2 Nf8 16. Rac1 Bc8 17. Nb5 Ba6 18.
Rfd1 axb4 19. axb4 Bxb5 20. cxb5 Ra7 21. Bb1 Rea8 22. Rc6 N8d7 23. Qd2 Nb8 24. Rcc1 Qe8 25. Qd3 Ra4 26. Rxc7 Rxb4 27. Bc3 Rxb5 28.
Qf5 Na6 29. Rc6 Rc5 30. Rxd6 Rxc3 31. Rxf6 gxf6 32. d6 Qc6 33. Qh7+ Kf8 34. Qh8# 1-0

[Event "13 Open de Quenza"]
[Site "Quenza, France"]
[Date "2024.07.07"]
[Round "2.11"]
[White "Don Ignazi, Pierre Ange"]
[Black "Glek, Igor"]
[Result "0-1"]
[TimeControl "5min+3s/move"]
[WhiteElo "1870"]
[BlackElo "2396"]

1. e4 c5 2. Nf3 a6 3.
g3 Nc6 4. Bg2 e5 5. O-O g6 6. d3 Bg7 7. Nbd2 Nge7 8. Re1 O-O 9.
c3 d6 10. Qe2 f5 11. a4 h6 12. Nf1 f4 13. h3 g5 14. g4 Ng6 15. Bd2 Be6 16. N1h2 b5 17. axb5 axb5 18. Qd1 Qb6 19.
Qc2 b4 20. c4 b3 21. Qd1 Ra2 22. Bc3 Rfa8 23. Rxa2 bxa2 24. Qa1 Nb4 25. Bxb4 Qxb4 26. Nf1 Qb3 27. Rd1 Qxd1 28. Qxd1 a1=Q 29.
Qb3 Qa7 30. N1d2 Rb8 31. Qc3 Qa1+ 32. Kh2 Qxb2 0-1

[Event "13 Open de Quenza"]
[Site "Quenza, France"]
[Date "2024.07.07"]
[Round "2.12"]
[White "Yankelevich, Lev"]
[Black "Junger, Quentin"]
[Result "1-0"]
[TimeControl "5min+3s/move"]
[WhiteElo "2416"]
[BlackElo "1878"]

1. d4 Nf6 2. Nf3 g6 3. Nc3 d5 4.
Bf4 c6 5. h3 Bg7 6. e3 O-O 7. Bd3 Nbd7 8. O-O Nh5 9. Bh2 Re8 10. e4 dxe4 11. Nxe4 Nhf6 12. Nc3 Qb6 13. a3 Nf8 14. Ne5 Ne6 15. Ne2 Rd8 16. c3 c5 17.
b4 cxd4 18. c4 a5 19. c5 Qa7 20. Rb1 Bd7 21.
Nc4 axb4 22. axb4 Bb5 23. Nb6 Bxd3 24. Qxd3 Qa3 25. Rb3 Qa6 26. Nxa8 Qxd3 27. Rxd3 Rxa8 28. Nxd4 Nxd4 29. Rxd4 Ra2 30. Rd8+ 1-0

[Event "13 Open de Quenza"]
[Site "Quenza, France"]
[Date "2024.07.07"]
[Round "3.1"]
[White "Anand, Viswanathan"]
[Black "Unuk, Laura"]
[Result "1-0"]
[TimeControl "5min+3s/move"]
[WhiteElo "2751"]
[BlackElo "2324"]

1. e4 e5 2. Nf3 Nc6 3. Bc4 Nf6 4.
d3 d5 5.
exd5 Nxd5 6. O-O Nb6 7. Bb5 Bd6 8. Bxc6+ bxc6 9. Re1 f6 10. d4 O-O 11. dxe5 Bxe5 12. Qxd8 Rxd8 13. Nxe5 fxe5 14.
Nd2 Bf5 15. c3 e4 16. Nb3 Bg6 17. Na5 c5 18. c4 Rd4 19. b3 Nc8 20. Nb7 Rd7 21. Nxc5 Re7 22. Na6 Nd6 23. Bg5 Rf7 24. Rad1 h6 25. Nxc7 Rxc7 26.
Rxd6 Bf5 27. Be3 a6 28. h3 Rd7 29. Red1 Rad8 30. Rxd7 Rxd7 31. Rc1 Kf7 32. b4 Be6 33. a4 Rc7 34. c5 Bd7 35. Rc4 Bxa4 36. Rxe4 Bb5 37. Bf4 Rd7 38. Bd6 g6 39. g4 h5 40. Kh2 hxg4 41. hxg4 Ra7 42. Kg3 Bc6 43. Rf4+ Ke6 44. Kh4 a5 45. bxa5 Rxa5 46. Kg5 Be8 47. Re4+ Kd7 48. Re7+ Kd8 49. f4 Ra2 50. Rb7 Bd7 51. Rb8+ Bc8 52. c6 Rc2 53.
c7+ Kd7 54. Be5 Rc6 55. Kh6 Re6 56. g5 Ra6 57. Kg7 Re6 58.
Ra8 Rc6 59. Kf7 Rb6 60. Ra1 Rc6 61.
Rd1+ 1-0

[Event "13 Open de Quenza"]
[Site "Quenza, France"]
[Date "2024.07.07"]
[Round "3.2"]
[White "Rosol, Philip"]
[Black "Fressinet, Laurent"]
[Result "0-1"]
[TimeControl "5min+3s/move"]
[WhiteElo "2150"]
[BlackElo "2625"]

1. d4 Nf6 2. c4 e6 3. Nf3 d5 4.
g3 Be7 5. Bg2 O-O 6. O-O c6 7.
Qc2 b6 8. b3 Bb7 9. Bb2 Nbd7 10. Nbd2 Rc8 11. e4 c5 12. e5 Ne8 13. h4 h6 14. Rfd1 Nc7 15. Rac1 a5 16. Qd3 cxd4 17.
Qxd4 Nc5 18. cxd5 exd5 19. Qg4 Nd3 20. Rc2 Ne6 21. Rxc8 Qxc8 22. Ba1 Bc5 23. Rf1 Ba6 24. Bh3 Qd7 25.
Nd4 Nxe5 26. Qf5 Nxd4 27. Qxd7 Nxd7 28. Bxd7 Bxf1 29. Nxf1 Rd8 30. Bg4 Ne6 31.
Kg2 Bd4 32. Bxd4 Nxd4 33. Ne3 Nb5 34.
Bf3 Nc3 35. a4 d4 36. Nc4 d3 37. Nd2 Re8 38. Bg4 Ne4 0-1

[Event "13 Open de Quenza"]
[Site "Quenza, France"]
[Date "2024.07.07"]
[Round "3.3"]
[White "Bellahcene, Bilel"]
[Black "Kuru, Atilla"]
[Result "1-0"]
[TimeControl "5min+3s/move"]
[WhiteElo "2535"]
[BlackElo "2372"]

1. e4 c5 2. Nf3 e6 3.
d4 cxd4 4. Nxd4 Nc6 5. Nc3 Qc7 6. Be3 a6 7. a3 b5 8. Nxc6 Qxc6 9. Qd4 Bb7 10.
O-O-O Nf6 11. f3 Rc8 12. g4 h6 13. h4 Bxa3 14. bxa3 Qxc3 15. Qxc3 Rxc3 16. Bd3 d5 17. Bd4 Rxa3 18.
g5 hxg5 19. hxg5 Rxh1 20. Rxh1 Nd7 21. Bxg7 dxe4 22. fxe4 Ra4 23. Rh8+ Ke7 24. e5 Ra1+ 25.
Kb2 Rg1 26. Bf6+ Nxf6 27. exf6+ Kd6 28.
g6 fxg6 29. f7 1-0

[Event "13 Open de Quenza"]
[Site "Quenza, France"]
[Date "2024.07.07"]
[Round "3.4"]
[White "Pieri, Pierre-Louis"]
[Black "Lagarde, Maxime"]
[Result "0-1"]
[TimeControl "5min+3s/move"]
[WhiteElo "2190"]
[BlackElo "2608"]

1. e4 c5 2. Nc3 g6 3. d4 cxd4 4. Qxd4 Nf6 5. Be3 Nc6 6. Qd2 d6 7. f3 Bg7 8. Nge2 a6 9. O-O-O b5 10. Bh6 Bxh6 11. Qxh6 Qa5 12. Kb1 Be6 13.
Nf4 Ne5 14. Ncd5 Bxd5 15. Nxd5 Nxd5 16. Rxd5 Qe1+ 17. Qc1 Qxc1+ 18. Kxc1 Kd7 19. a4 e6 20. Rd4 Nc6 21. Rd2 bxa4 22. Be2 Ke7 23. Rhd1 Rhd8 24. Kb1 g5 25.
Ka2 Rab8 26. Ka3 Rb6 27.
Bc4 Ne5 28. Ba2 Nd7 29. Rd4 Nc5 30. e5 d5 31. R1d2 Rdb8 32. c3 Nb3 33. Bxb3 Rxb3+ 34. Kxa4 Rxb2 35. Ka3 R8b3+ 36. Ka4 Rxd2 37. Rxd2 Rxc3 38. Ka5 Re3 39. Kxa6 Rxe5 40. Kb5 Re3 41. Kc5 h5 42. Kd4 Ra3 43. Rd1 Ra2 44.
Rg1 Kf6 45. Ke3 Ke5 46. Kd3 f5 47.
Ke3 h4 48. Kd4+ 0-1

[Event "13 Open de Quenza"]
[Site "Quenza, France"]
[Date "2024.07.07"]
[Round "3.5"]
[White "Fedorchuk, Sergey A."]
[Black "Roux, Baptiste"]
[Result "1-0"]
[TimeControl "5min+3s/move"]
[WhiteElo "2554"]
[BlackElo "2352"]

1. e4 c5 2. Nf3 e6 3.
d4 cxd4 4. Nxd4 Nf6 5. Nd2 Nc6 6. Nxc6 bxc6 7.
e5 Nd5 8. a3 Bb7 9. c4 Ne7 10. Bd3 Ng6 11. Nf3 c5 12. Qe2 Be7 13. Bd2 d6 14. exd6 Qxd6 15. Be4 Bxe4 16. Qxe4 O-O 17.
O-O Bf6 18. Rab1 Rab8 19. b4 Ne5 20.
Rfd1 Nxf3+ 21. gxf3 Bd4 22. Be3 f5 23. bxc5 fxe4 24. cxd6 Bxe3 25. Rxb8 Rxb8 26. fxe3 Kf7 27. c5 Ke8 28.
c6 Rb6 29. d7+ Kd8 30. c7+ 1-0

[Event "13 Open de Quenza"]
[Site "Quenza, France"]
[Date "2024.07.07"]
[Round "3.6"]
[White "Bellet, Georges"]
[Black "Dourerassou, Jonathan"]
[Result "0-1"]
[TimeControl "5min+3s/move"]
[WhiteElo "2116"]
[BlackElo "2422"]

1. e4 c5 2. Nf3 e6 3. d4 cxd4 4. Nxd4 Nf6 5. Nc3 Nc6 6. Be3 Bb4 7. Nxc6 bxc6 8. Bd3 d5 9. exd5 exd5 10. Bd2 Bg4 11. Ne2 Bd6 12.
h3 Bh5 13. Bg5 O-O 14. Qd2 Re8 15. g4 Bg6 16. Bxg6 hxg6 17. O-O-O Qb6 18. Bxf6 gxf6 19. Nf4 Rab8 20. b3 Re4 21.
Nd3 c5 22. f3 Rd4 23. c3 Bf4 24.
Nxf4 Rxd2 25. Rxd2 d4 26.
Nd5 Qd6 27. c4 Re8 28. Kc2 Kg7 29. f4 Qe6 30. Rf1 Qe4+ 31. Kc1 Rh8 32. g5 f5 33. Nf6 Qe3 34. Nd5 Qxh3 35. Re1 Qg3 36.
Re7 Rh1+ 37. Kc2 Qg1 38. b4 Qb1# 0-1

[Event "13 Open de Quenza"]
[Site "Quenza, France"]
[Date "2024.07.07"]
[Round "3.7"]
[White "Maze, Sebastien"]
[Black "Daulet, Alikhan"]
[Result "1-0"]
[TimeControl "5min+3s/move"]
[WhiteElo "2553"]
[BlackElo "1922"]

1. e4 c5 2. Nf3 Nc6 3.
Bb5 e6 4. Bxc6 bxc6 5. d3 Qc7 6. Nbd2 Ne7 7. h4 e5 8. h5 h6 9. Nh4 d6 10.
O-O Ng8 11. f4 exf4 12. Nc4 Nf6 13. Bxf4 Bg4 14. Qe1 Nxh5 15. Bh2 Qd7 16. Nf5 Bxf5 17. exf5+ Kd8 18. Qa5+ Qc7 19. Qa6 Nf6 20.
a3 Be7 21. b4 cxb4 22. axb4 Kd7 23. Rfe1 Qc8 24. Qa4 Re8 25. Qb3 Ng4 26. Bg3 d5 27. Na5 Bf6 28. c3 Qa6 29. Qc2 Ne3 30.
Qd2 Nxf5 31. Nb3 Qxa1 32. Rxa1 Nxg3 33. Nc5+ Kd6 34. Qf2 Bxc3 35. Qxg3+ Be5 36. Qh3 1-0

[Event "13 Open de Quenza"]
[Site "Quenza, France"]
[Date "2024.07.07"]
[Round "3.8"]
[White "De Seroux, Camille"]
[Black "Maurizzi, Marc Andria"]
[Result "0-1"]
[TimeControl "5min+3s/move"]
[WhiteElo "2113"]
[BlackElo "2620"]

1. Nc3 Nc6 2. e4 e5 3. Nf3 Nf6 4. Bb5 Bd6 5. O-O O-O 6. Bxc6 dxc6 7. h3 c5 8. d3 h6 9. Ne2 Be6 10.
Ng3 c4 11. d4 Bb4 12. c3 Be7 13. Nxe5 c6 14. f4 Bd6 15. f5 Bc8 16. Bf4 Re8 17. Nxc4 Bf8 18. e5 Nd5 19. Bd2 c5 20.
Ne3 cxd4 21. cxd4 b6 22. Nxd5 Qxd5 23. Bc3 Bb7 24. Rf2 b5 25. a3 a5 26. Nh5 b4 27. Be1 Rad8 28.
Qg4 Kh7 29. Rd1 Rxe5 30. Nf4 Qd7 31. Nd3 Qxd4 32. Qxd4 Rxd4 33. Nxe5 Rxd1 34. Rf1 Bc5+ 35. Kh2 bxa3 36. bxa3 Ba6 37. Rh1 a4 38. Nxf7 Bxa3 39. Ne5 Bd6 40. Bg3 Rxh1+ 41. Kxh1 a3 0-1

[Event "13 Open de Quenza"]
[Site "Quenza, France"]
[Date "2024.07.07"]
[Round "3.9"]
[White "Travadon, Loic"]
[Black "Stoenescu, Radu"]
[Result "1-0"]
[TimeControl "5min+3s/move"]
[WhiteElo "2458"]
[BlackElo "2009"]

1. e4 c5 2. Nc3 a6 3. g3 b5 4. Bg2 Bb7 5. d3 e6 6.
f4 b4 7.
Na4 d5 8. exd5 Bxd5 9. Nf3 Nf6 10. O-O Be7 11. a3 a5 12. axb4 axb4 13. b3 O-O 14. Bb2 Nbd7 15. Qe2 Qb8 16.
Nh4 Bxg2 17. Qxg2 Nd5 18. Rf2 Bxh4 19. gxh4 N5f6 20. Nxc5 Rxa1+ 21. Bxa1 Nxc5 22. Bxf6 g6 23. Qg5 Nd7 24. Bb2 Qe8 25. Qb5 Qe7 26.
Qg5 f6 27. Qg3 Kh8 28. Re2 Qc5+ 29. Qe3 Kg7 30. Qxc5 Nxc5 31. d4 Nd7 32. Rxe6 Kf7 33. Re3 Ra8 34. c4 bxc3 35. Bxc3 Nb6 36. Rd3 Nd5 37. Bd2 Ke6 38. b4 Kf5 39. b5 Ke4 40. Rb3 Kxd4 41.
b6 Rb8 42. b7 Kc5 43. h5 Kc6 44. hxg6 hxg6 45. Rg3 Ne7 46. Bb4 Rxb7 47. Bxe7 Rxe7 48. Rxg6 Rf7 49. Rg3 Kd5 50. Re3 Rg7+ 51. Kf2 Rg4 52. Kf3 Rg1 53. Re2 Kd6 54. h3 Kd7 55. Kf2 Rg7 56.
Re3 Rg6 57. Re1 Rg7 58. Kf3 Rg6 59. Ke4 Ke7 60. Kf5+ Kf7 61. Re7+ Kxe7 62. Kxg6 1-0

[Event "13 Open de Quenza"]
[Site "Quenza, France"]
[Date "2024.07.07"]
[Round "3.10"]
[White "Ratier-Fontana, Matteo"]
[Black "Relange, Eloi"]
[Result "1-0"]
[TimeControl "5min+3s/move"]
[WhiteElo "2153"]
[BlackElo "2440"]

1. d4 d6 2. Bf4 g6 3. Nf3 Bg7 4. e3 Nd7 5. h3 e5 6. Bh2 Qe7 7. Be2 Ngf6 8. O-O O-O 9. c4 c6 10.
Nc3 b6 11. b4 exd4 12. exd4 Bb7 13. Re1 Rfe8 14. Bd3 Qf8 15. Qb3 a6 16. c5 dxc5 17. bxc5 Rxe1+ 18. Rxe1 Qd8 19. Bc4 Kh8 20. Ng5 1-0